 Dungeon Crawl Stone Soup version 0.21.1-1-g345015f (webtiles) character file.

51 inc the Vexing (level 3, -1/14 HPs)
             Began as a Felid Enchanter on Feb 22, 2018.
             Was an Initiate of Nemelex Xobeh.
             Killed by divine providence
             ... invoked by an orc priest
              (14 damage)
             ... on level 3 of the Dungeon.
             The game lasted 00:04:13 (2080 turns).

inc the Vexing (Felid Enchanter)                    Turns: 2080, Time: 00:04:14

Health: -1/14      AC:  2    Str:  4    XL:     3   Next: 57%
Magic:  4/7        EV: 18    Int: 17    God:    Nemelex Xobeh [......]
Gold:   98         SH:  0    Dex: 16    Spells: 3/6 levels left
                                        Lives:  0   Deaths: 0

rFire    . . .     SeeInvis +     - Unarmed
rCold    . . .     Gourm    .   (shield unavailable)
rNeg     . . .     Faith    .   (armour unavailable)
rPois    .         Spirit   .   (helmet unavailable)
rElec    .         Reflect  .   (cloak unavailable)
rCorr    .         Harm     .   (gloves unavailable)
MR       .....                  (boots unavailable)
Stlth    +++.......             (no amulet)
HPRegen  0.04/turn              j - ring of wizardry
MPRegen  0.10/turn              m - +1 ring of protection

@: very slightly contaminated, quick
A: very small, no armour, no weapons or thrown items, stealth, claws 1, fangs 3,
see invisible, carnivore, speed 1, shaggy fur 1, slow metabolism 1, sharp paws
a: Renounce Religion


You were on level 3 of the Dungeon.
You worshipped Nemelex Xobeh.
Nemelex Xobeh was noncommittal.
You were full.

You visited 1 branch of the dungeon, and saw 3 of its levels.

You collected 98 gold pieces.

Inventory:

Jewellery
 j - a ring of wizardry (left paw)
 m - a +1 ring of protection (right paw)
 p - an uncursed ring of see invisible {unknown}
Wands
 l - a wand of paralysis (20)
Scrolls
 d - a scroll of magic mapping {unknown}
 e - a scroll of immolation {unknown}
 f - a scroll of enchant weapon
 k - a scroll of blinking {unknown}
Potions
 g - a potion of lignification {unknown}
 h - a potion of agility {unknown}
 i - a potion of haste {unknown}
 n - a potion of brilliance {unknown}
 o - a potion of curing {unknown}
Books
 a - a book of Maledictions

   Spells                             Type                      Level
   a - Corona                         Hexes                        1
   b - Ensorcelled Hibernation        Hexes/Ice                    2
   c - Confuse                        Hexes                        3
   d - Tukima's Dance                 Hexes                        3
   e - Dazzling Spray                 Conjuration/Hexes            3
Miscellaneous
 c - a plain deck of destruction {drawn: 1}
Comestibles
 b - 3 rations


   Skills:
 - Level 2.6 Dodging
 - Level 4.0 Stealth
 - Level 3.0 Unarmed Combat
 - Level 2.0 Spellcasting
 - Level 4.4 Hexes
 + Level 1.4 Invocations


You had 3 spell levels left.
You knew the following spells:

 Your Spells              Type           Power        Failure   Level  Hunger
a - Corona                Hex            ###....      1%          1    #......
b - Ensorcelled Hibernat  Hex/Ice        #.....       4%          2    ###....


Dungeon Overview and Level Annotations

Branches:
Dungeon (3/15)

Altars:
Nemelex Xobeh


Innate Abilities, Weirdness & Mutations

You cannot wear armour.
You are incapable of wielding weapons or throwing items.
Your paws allow you to move quietly. (Stealth)
You have sharp claws.
You have razor-sharp teeth.
You have supernaturally acute eyesight. (SInv)
You are carnivorous and can eat meat at any time.
You cover ground quickly.
You are covered in fur. (AC +1)
You have a slow metabolism.
Your sharp claws are effective at attacking unaware monsters.


Message History

Casting: Ensorcelled Hibernation
Confirm with . or Enter, or press ? or * to list all spells.
Aiming: Ensorcelled Hibernation
Press: ? - help, Shift-Dir - straight line, f/p - bat
Aim: a bat (chance to defeat MR: 58%)
The bat looks drowsy...
You pounce on the unaware helpless bat!
You claw the bat!
You kill the bat!
You now have 98 gold pieces (gained 17).
An orc comes into view. 2 orcs come into view. 2 orcs and an orc priest come into view.
The orc priest shouts!
The orc shouts!
You hear a shout!
The orc shouts! x2
An orc comes into view.
The orc shouts!
The orc priest invokes the aid of Beogh against you.
Beogh smites you!
Ouch! That really hurt!
You die...
Your body disappears without a glow.

#. .......
#.#.8ooo8.
#.#...o...
#.#.o..o.. #
#.#.......
#.###.#o8...8.
#.....#.......
#..........
#.@......##
#.######## #.#
#.# #.# #.#
#.# #.# #.#


You could see an orc priest and 6 orcs.

Vanquished Creatures
  An adder (D:2)
  A worm (D:2)
  A dart slug (D:2)
  5 giant cockroaches
  3 goblins (D:2)
  4 hobgoblins
  6 jackals
  2 bats
  2 frilled lizards (D:1)
  6 kobolds
  3 rats
34 creatures vanquished.

Notes
Turn   | Place    | Note
-------+----------+-------------------------------------------
     0 | D:1      | inc the Felid Enchanter began the quest for the Orb.
     0 | D:1      | Reached XP level 1. HP: 7/7 MP: 4/4
   349 | D:2      | Reached XP level 2. HP: 6/11 MP: 4/6
   384 | D:1      | Learned a level 2 spell: Ensorcelled Hibernation
  1287 | D:2      | Found a sparkling altar of Nemelex Xobeh.
  1411 | D:2      | Became a worshipper of Nemelex Xobeh the Trickster
  1496 | D:2      | Reached XP level 3. HP: 14/14 MP: 1/7
  1615 | D:2      | Received a gift from Nemelex Xobeh
  1940 | D:2      | Reached skill level 1 in Invocations
  2080 | D:3      | Killed from afar by an orc priest

Skill      XL: |  1  2  3 |
---------------+----------+-----
Unarmed Combat | 2 3 |  3.0
Invocations    | 1 |  1.4
Dodging        | |  2.6
Stealth        | |  4.0
Spellcasting   | |  2.0
Hexes          | |  4.4

Action                   || total
-------------------------++-------
Melee: Unarmed           ||    98
       Bite              ||     5
 Cast: Corona            ||    12
       Ensorcelled Hiber ||    21
Evoke: Deck              ||     1
  Use: Scroll            ||     2
 Stab: Sleeping          ||    20
  Eat: Chunk             ||     8
Armor: Skin              ||     2
Dodge: Dodged            ||    96
